 Dungeon Crawl Stone Soup version 0.28.0-53-g5a82cb258f (webtiles) character file.

Game seed: 16564217424133587088

1289 unlimited1921 the Magician (level 8, -11/50 HPs)
             Began as a Djinni Fire Elementalist on July 2, 2022.
             Was an Initiate of Gozag.
             Mangled by an orc warrior
             ... wielding a +0 long sword
              (12 damage)
             ... on level 4 of the Dungeon.
             The game lasted 00:27:32 (10121 turns).

unlimited1921 the Magician (DjFE)                  Turns: 10121, Time: 00:27:33

Health: -11/50     AC:  7    Str:  7    XL:     8   Next: 85%
Gold:   485        EV: 13    Int: 18    God:    Gozag SH:  0 Dex: 15

rFire   + + +      SeeInvis .   t - +9 dagger "Giantslayer" {vorpal, rN+}
rCold   x . .      Faith    .   (no shield)
rNeg    + . .      Spirit   .   s - +2 robe {rF+}
rPois   ∞          Reflect  .   B - +1 hat
rElec   .          Harm     .   i - +1 cloak
rCorr   .          Rampage  .   (no gloves)
Will    .....                   (boots unavailable)
Stlth   ++........              (no amulet)
HPRegen 0.16/turn               (no ring)
MPRegen 0.00/turn               (no ring)

@: flying
A: sickness immunity, fire resistance 2, cold vulnerability 1, float, innate
caster, HP casting, extra vitality 1
a: Renounce Religion, Potion Petition, Call Merchant, Bribe Branch


You were on level 4 of the Dungeon.
You worshipped Gozag.
Gozag was aware of your devotion.
You visited 1 branch of the dungeon, and saw 5 of its levels.

You collected 497 gold pieces.
You paid 12 gold pieces to Gozag.

Inventory:

Hand Weapons
 j - a +0 rapier
 t - the +9 dagger "Giantslayer" (weapon) {vorpal, rN+}
   (You found it on level 4 of the Dungeon)

   It inflicts extra damage upon your enemies.
   rN:        It protects you from negative energy.
 x - a +1 vorpal flail
 y - a +0 hand crossbow
 D - a +2 vampiric hand axe
Missiles
 d - 104 stones
 w - 3 throwing nets
 A - 60 bolts
Armour
 a - a +0 robe
 i - a +1 cloak (worn)
 n - a +0 leather armour
 o - a +0 kite shield
 s - a +2 robe of fire resistance (worn)
 u - a +0 chain mail
 B - a +1 hat (worn)
 E - a +2 robe of willpower
 G - a +0 scale mail
Wands
 g - a wand of flame (16) (quivered)
 K - a wand of digging (4)
Scrolls
 b - a scroll of summoning {unknown}
 e - a scroll of vulnerability {unknown}
 h - a scroll of fear {unknown}
 k - 2 scrolls of enchant armour {unknown}
 l - 3 scrolls of identify {unknown}
 p - a scroll of immolation {unknown}
 r - 2 scrolls of torment {unknown}
 v - 2 scrolls of teleportation {unknown}
 F - a scroll of enchant weapon {unknown}
 H - a scroll of magic mapping {unknown}
 J - a scroll of amnesia {unknown}
 L - a scroll of noise {unknown}
Potions
 c - a potion of heal wounds {unknown}
 f - 3 potions of curing {unknown}
 m - a potion of berserk rage {unknown}
 q - a potion of degeneration {unknown}
 z - 2 potions of ambrosia {unknown}
 C - a potion of brilliance {unknown}


   Skills:
 + Level 0.2 Fighting
 + Level 0.9 Short Blades
 * Level 3.8 Armour
 + Level 3.4 Dodging
 + Level 2.6 Stealth
 * Level 3.3 Shields
 + Level 6.3 Spellcasting


You couldn't memorise any spells.
You knew the following spells:

 Your Spells              Type           Power      Damage    Failure   Level
a - Foxfire               Conj/Fire      100%       2x1d9     1%          1
b - Scorch                Fire           56%        2d8       1%          2
c - Conjure Flame         Conj/Fire      28%        6-21      2%          3
d - Inner Flame           Hex/Fire       28%        N/A       2%          3
e - Flame Wave            Conj/Fire      28%        2d8       9%          4
f - Beastly Appendage     Tmut           56%        N/A       1%          1
g - Poisonous Vapours     Pois/Air       56%        N/A       1%          2
h - Confusing Touch       Hex            28%        N/A       2%          3
Your spell library was empty.

Dungeon Overview and Level Annotations

Branches:
Dungeon (5/15)             Temple (0/1) D:5

Altars:
Dithmenos
Fedhas
Gozag
Hepliaklqana
Nemelex Xobeh
Qazlal


Innate Abilities, Weirdness & Mutations

You are immune to sickness and miasma.
You are immune to poison.
Your flesh is very heat resistant. (rF++)
You are vulnerable to cold. (rC-)
You float through the air rather than walking.
You learn spells naturally, not from books.
Your magical power is your life essence.
You have superior vitality. (+4 MHP)


Message History

Unknown command.
Unknown command.
An orc is nearby!
There is a stone staircase leading up here.
You fly upwards.
There is a stone staircase leading down here.
The orc warrior is no longer charmed.
An orc warrior is nearby!
Casting: Scorch (safe; 1% risk of failure)
Confirm with . or Enter, or press ? or * to list all spells.
Flames lash the orc warrior but do no damage.
* * * LOW HITPOINT WARNING * * *
The orc warrior misses you.
Casting: Scorch (safe; 1% risk of failure)
Confirm with . or Enter, or press ? or * to list all spells.
Flames lash the orc warrior but do no damage.
* * * LOW HITPOINT WARNING * * *
The orc warrior hits you with a +0 long sword.
* * * LOW HITPOINT WARNING * * *
Casting: Scorch (safe; 1% risk of failure)
Confirm with . or Enter, or press ? or * to list all spells.
Flames lash the orc warrior.
The orc warrior is heavily wounded.
The orc warrior's fire resistance burns away.
* * * LOW HITPOINT WARNING * * *
The orc warrior hits you with a +0 long sword.
* * * LOW HITPOINT WARNING * * *
You are too injured to fight recklessly!
Casting: Scorch (safe; 1% risk of failure)
Confirm with . or Enter, or press ? or * to list all spells.
Okay, then.
Unknown command.
Aiming: Throw Flame
Press: ? - help, Q - select action, (/) - cycle Shift-Dir - straight line, f - orc warrior
Aim: an orc warrior, wielding a +0 long sword and wearing a +0 plate armour (heavily wounded, more vulnerable to fire, 68% to hit)
The puff of flame hits the orc warrior.
The orc warrior is burned terribly!
The orc warrior is heavily wounded.
The orc warrior hits you with a +0 long sword!
You die...
Your body crumbles into a pile of gold.

#.# ###....)..#### #.# #)#
#.....≈≈≈≈≈# #.# #.#
#.....≈###≈# #.# #.#
####...'_#≈# #.# #.#
#.#≈###≈# #.# #.#
#.#≈≈≈≈≈########.## #.#
#.#............#.## #.#
##.#.##########.#.## #.#
#.o@.### #.#.## #.# #<.....#
#)#.## #.# #.####.# ##.#.##
#.#######.####.#######....##
#.........>...#.....<..#....
########.#####.#######......
#.# #.# ###.### #.# #.###
#.... #.# #...# #.###


You could see an orc warrior (combustible).

Vanquished Creatures
  Grinder (D:5)
  Menkaure (D:5)
  An ice beast (D:5)
  A necrophage (D:4)
  A phantom (D:4)
  Blork the orc (D:4)
  A wyvern skeleton (D:3)
  A water moccasin skeleton (D:5)
  2 hounds (D:5)
  2 bullfrog skeletons (D:5)
  2 centaur skeletons (D:5)
  3 iguanas
  Ijyb (D:5)
  An orc wizard (D:3)
  A scorpion zombie (D:5)
  4 gnolls (D:4)
  7 adders
  An ufetubus (D:5)
  A worm (D:2)
  8 dart slugs
  13 orcs
  8 ball pythons
  4 bats
  7 endoplasms
  A giant cockroach (D:4)
  7 hobgoblins
  3 jackals (D:4)
  9 kobolds
  5 quokkas
  6 frilled lizards
  8 goblins
  9 rats
121 creatures vanquished.

Vanquished Creatures (others)
  222 foxfires
222 creatures vanquished.

Grand Total: 343 creatures vanquished

Notes
Turn   | Place    | Note
-------+----------+-------------------------------------------
     0 | D:1      | unlimited1921 the Djinni Fire Elementalist began the quest
                  | for the Orb.
     0 | D:1      | Reached XP level 1. HP: 15/15 MP: 0/0
   589 | D:1      | Reached XP level 2. HP: 20/21 MP: 0/0
   738 | D:1      | Reached skill level 3 in Spellcasting
  1052 | D:1      | Reached XP level 3. HP: 24/25 MP: 0/0
  1052 | D:1      | Learned a level 1 spell: Beastly Appendage
  1096 | D:1      | Found a faded altar of an unknown god.
  2876 | D:2      | Reached XP level 4. HP: 27/31 MP: 0/0
  4216 | D:3      | Reached XP level 5. HP: 15/35 MP: 0/0
  4216 | D:3      | Learned a level 2 spell: Poisonous Vapours
  4509 | D:3      | Reached skill level 4 in Spellcasting
  4925 | D:3      | Reached skill level 1 in Shields
  4995 | D:3      | Found a shadowy altar of Dithmenos.
  5692 | D:3      | Reached XP level 6. HP: 34/40 MP: 0/0
  5768 | D:3      | Found an opulent altar of Gozag.
  5773 | D:3      | Became a worshipper of Gozag Ym Sagoz the Greedy
  6205 | D:4      | Reached skill level 1 in Armour
  6488 | D:4      | Noticed a necrophage
  6490 | D:4      | Killed a necrophage
  6509 | D:4      | Reached XP level 7. HP: 32/45 MP: 0/0
  6509 | D:4      | Learned a level 3 spell: Confusing Touch
  7463 | D:4      | Found a blossoming altar of Fedhas.
  7683 | D:4      | Identified the +9 dagger "Giantslayer" {vorpal, rN+}
  7844 | D:4      | Reached skill level 5 in Spellcasting
  8142 | D:4      | Noticed Blork the orc
  8150 | D:4      | Killed Blork the orc
  8500 | D:5      | Entered Level 5 of the Dungeon
  8595 | D:5      | Found a stormy altar of Qazlal.
  8675 | D:5      | Reached XP level 8. HP: 41/50 MP: 0/0
  8854 | D:5      | Noticed Menkaure
  8867 | D:5      | Found a staircase to the Ecumenical Temple.
  8879 | D:5      | Found a hazy altar of Hepliaklqana.
  8882 | D:5      | Noticed Ijyb
  8897 | D:5      | Killed Ijyb
  9175 | D:5      | Killed Menkaure
  9575 | D:5      | Noticed Grinder
  9593 | D:5      | Killed Grinder
  9594 | D:5      | Reached skill level 6 in Spellcasting
  9744 | D:5      | Found a sparkling altar of Nemelex Xobeh.
 10120 | D:4      | HP: 1/50 [orc warrior/+0 long sword (6)]
 10121 | D:4      | Mangled by an orc warrior

Illustrated notes

Levels and vault maps discovered:
D:1:      zaba_arrival_water, layout_basic,
          shapermc_ecumenical_altar_totnotflames, item_on_display_b
D:2:      layout_basic
D:3:      layout_rooms, lemuel_doored_altar, lemuel_tele_altar
D:4:      layout_loops_ring, kennysheep_mini_moat, gup_sewer_entry_spiral,
          minmay_quadrilaterals, uniq_blork_the_orc
D:5:      layout_rooms, marbit_many_paths, mainiacjoe_overflow_chevrons,
          nemelex_xobeh_ov_fountains_minmay,
          minmay_temple_entry_statues_pillars, chequers_serial_rivers_room_b,
          uniq_menkaure, uniq_ijyb, uniq_grinder

Skill      XL: |  1  2  3  4  5  6  7  8 |
---------------+-------------------------+-----
Spellcasting   | 3 4 5 6 |  6.3
Shields        | 1 2 3 |  3.3
Stealth        | 2 |  2.6
Armour         | 2 3 |  3.8
Dodging        | 3 |  3.4
Fighting       | |  0.2
Short Blades   | |  0.9

Action                   |  1- 3 |  4- 6 |  7- 9 || total
-------------------------+-------+-------+-------++-------
Melee: Dagger            |     1 |       |    21 ||    22
 Cast: Foxfire           |    76 |    42 |    21 ||   139
       Scorch            |       |    11 |    22 ||    33
       Inner Flame       |       |    10 |    25 ||    35
       Poisonous Vapours |       |    40 |    32 ||    72
Evoke: Wand              |       |       |     3 ||     3
Armor: Robe              |     1 |     2 |     6 ||     9
       Leather armour    |       |     1 |       ||     1
Dodge: Dodged            |     5 |     7 |    23 ||    35
